 Dungeon Crawl Stone Soup version 0.30-a0-1103-g25895a7845 (webtiles) character file.

Game seed: 5733970862243378333

270 jimonade the Grasshopper (level 6, -23/51 HPs)
             Began as a Gnoll Warper on Apr 19, 2023.
             Annihilated by an ogre
             ... wielding a +0 giant club
              (26 damage)
             ... on level 4 of the Dungeon.
             The game lasted 00:05:02 (2549 turns).

jimonade the Grasshopper (Gnoll Warper)             Turns: 2549, Time: 00:05:02

Health: -23/51     AC:  5    Str: 12    XL:     6   Next: 22%
Magic:  14/14      EV: 11    Int: 13    God:
Gold:   100        SH:  0    Dex: 11    Spells: 15/15 levels left

rFire   . . .      SeeInvis .    a - +1 whip (venom)
rCold   . . .      Faith    .    (no shield)
rNeg    . . .      Spirit   .    f - +0 ring mail
rPois   .          Reflect  .    (no helmet)
rElec   .          Rampage  .    (no cloak)
rCorr   .                        (no gloves)
Will    .....                    (no boots)
Stlth   +                        (no amulet)
HPRegen 0.28/turn                (no ring)
MPRegen 0.14/turn                (no ring)

@: no status effects
A: fangs 1, strong nose, distributed training
a: no special abilities


You were on level 4 of the Dungeon.
You visited 1 branch of the dungeon, and saw 6 of its levels.

You collected 100 gold pieces.

Inventory:

Hand Weapons
 a - a +1 whip of venom (weapon)
 h - a +0 spear
 n - a +0 spear
 o - a +0 flail
 q - a +0 falchion
 s - a +0 sling
Missiles
 d - 7 boomerangs of dispersal (quivered)
 e - 3 silver javelins
 g - 12 poisoned darts
 r - 4 boomerangs
Armour
 b - a +0 leather armour
 f - a +0 ring mail (worn)
Scrolls
 c - a scroll of blinking
 j - 4 scrolls of teleportation {unknown}
 m - a scroll of fog {unknown}
 t - a scroll of amnesia {unknown}
Potions
 i - a potion of cancellation {unknown}
 k - a potion of lignification {unknown}
 l - 2 potions of curing {unknown}
 p - a potion of attraction {unknown}


   Skills:
 + Level 5.0 Fighting
 + Level 2.0 Short Blades
 + Level 5.0 Long Blades
 + Level 2.0 Axes
 + Level 2.0 Maces & Flails
 + Level 2.0 Polearms
 + Level 2.0 Staves
 + Level 2.0 Ranged Weapons
 + Level 3.2 Throwing
 + Level 3.2 Armour
 + Level 5.0 Dodging
 + Level 2.0 Stealth
 + Level 2.0 Shields
 + Level 2.0 Unarmed Combat
 + Level 5.3 Spellcasting
 + Level 1.5 Conjurations
 + Level 1.5 Hexes
 + Level 1.5 Summonings
 + Level 1.5 Necromancy
 + Level 5.6 Translocations
 + Level 1.5 Transmutations
 + Level 1.5 Fire Magic
 + Level 1.5 Ice Magic
 + Level 1.5 Air Magic
 + Level 1.5 Earth Magic
 + Level 1.5 Poison Magic
 + Level 2.1 Invocations
 + Level 2.0 Evocations


You had 15 spell levels left.
You didn't know any spells.
Your spell library contained the following spells:

 Spells                   Type           Power      Damage    Failure   Level
 Blink                    Tloc           36%        N/A       5%          2
 Lesser Beckoning         Tloc           36%        N/A       5%          2
 Teleport Other           Tloc           18%        N/A       11%         3
 Portal Projectile        Hex/Tloc       24%        N/A       26%         3
 Vhi's Electric Charge    Tloc/Air       24%        N/A       26%         3
 Manifold Assault         Tloc           18%        N/A       36%         4
 Call Canine Familiar     Summ           7%         N/A       52%         3
 Ozocubu's Armour         Ice            7%         N/A       52%         3
 Leda's Liquefaction      Hex/Erth       3%         N/A       90%         4
 Metabolic Englaciation   Hex/Ice        3%         N/A       99%         5
 Simulacrum               Ice/Necr       3%         N/A       100%        6


Dungeon Overview and Level Annotations

Branches:
Dungeon (6/15)
 Temple: D:4-7

Altars:

Annotations:
D:5 Grinder


Innate Abilities, Weirdness & Mutations

You have very sharp teeth.
Your uncanny sense of smell can sniff out nearby items.
Your experience applies equally to all skills.


Message History

You kill the scorpion!
Your Fighting skill increases to level 5!
Your Short Blades skill increases to level 2!
Your Long Blades skill increases to level 5!
Your Axes skill increases to level 2!
Your Maces & Flails skill increases to level 2!
Your Polearms skill increases to level 2!
Your Staves skill increases to level 2!
Your Ranged Weapons skill increases to level 2!
Your Dodging skill increases to level 5!
Your Stealth skill increases to level 2!
Your Shields skill increases to level 2!
Your Unarmed Combat skill increases to level 2!
Your Evocations skill increases to level 2!
You have reached level 6!
You start resting.
You feel sick. x3
You are no longer poisoned.
You start resting.
An ogre comes into view. It is wielding a +0 giant club.
An iguana comes into view.
The iguana hisses angrily.
You hit the ogre.
The ogre is poisoned.
Your punch misses the ogre.
The ogre is lightly wounded.
The ogre hits you with a +0 giant club!
* * * LOW HITPOINT WARNING * * *
You barely miss the ogre.
The ogre is lightly wounded.
You hit the ogre.
The ogre looks as sick as possible!
You bite the ogre.
The ogre is moderately wounded.
The ogre misses you.
You barely miss the ogre.
The ogre is moderately wounded.
The ogre closely misses you.
You barely miss the ogre.
The ogre is moderately wounded.
You completely miss the ogre. You bite the ogre.
The ogre is heavily wounded.
The ogre hits you with a +0 giant club!!
Ouch! That really hurt!
You die...

#....
..
#......
#...#.
#....
#...#
#†# #)#
#O##
#.@#
##.l..#
####.#
.. .#
.. .


You could see an ogre (extremely poisoned) and an iguana.

Vanquished Creatures
  A scorpion (D:4)
  A howler monkey (D:4)
  A hound (D:6)
  5 adders
  4 gnolls (D:2)
  A dart slug (D:1)
  An orc (D:3)
  4 endoplasms
  2 giant cockroaches (D:1)
  4 hobgoblins
  4 jackals
  6 kobolds
  5 quokkas
  3 ball pythons
  5 bats
  2 frilled lizards (D:2)
  7 goblins
  4 rats
60 creatures vanquished.

Notes
Turn   | Place    | Note
-------+----------+-------------------------------------------
     0 | D:1      | jimonade the Gnoll Warper began the quest for the Orb.
     0 | D:1      | Reached XP level 1. HP: 20/20 MP: 6/6
   121 | D:1      | Reached XP level 2. HP: 26/26 MP: 7/7
   416 | D:1      | Found a faded altar of an unknown god.
   814 | D:2      | Reached skill level 5 in Spellcasting
   814 | D:2      | Reached XP level 3. HP: 6/31 MP: 7/9
   934 | D:2      | Reached skill level 1 in Invocations
  1089 | D:2      | Reached skill level 1 in Short Blades
  1089 | D:2      | Reached skill level 1 in Axes
  1089 | D:2      | Reached skill level 1 in Maces & Flails
  1089 | D:2      | Reached skill level 1 in Polearms
  1089 | D:2      | Reached skill level 1 in Staves
  1089 | D:2      | Reached skill level 1 in Ranged Weapons
  1089 | D:2      | Reached skill level 1 in Stealth
  1089 | D:2      | Reached skill level 1 in Shields
  1089 | D:2      | Reached skill level 1 in Unarmed Combat
  1089 | D:2      | Reached skill level 1 in Evocations
  1225 | D:2      | Reached XP level 4. HP: 22/38 MP: 11/11
  1443 | D:2      | Reached skill level 1 in Conjurations
  1443 | D:2      | Reached skill level 1 in Hexes
  1443 | D:2      | Reached skill level 1 in Summonings
  1443 | D:2      | Reached skill level 1 in Necromancy
  1443 | D:2      | Reached skill level 1 in Transmutations
  1443 | D:2      | Reached skill level 1 in Fire Magic
  1443 | D:2      | Reached skill level 1 in Ice Magic
  1443 | D:2      | Reached skill level 1 in Air Magic
  1443 | D:2      | Reached skill level 1 in Earth Magic
  1443 | D:2      | Reached skill level 1 in Poison Magic
  2241 | D:3      | Reached XP level 5. HP: 43/43 MP: 12/12
  2411 | D:3      | You fall into a shaft and drop 3 floors!
  2487 | D:5      | Entered Level 5 of the Dungeon
  2487 | D:5      | Noticed an ogre
  2493 | D:5      | Noticed Grinder
  2527 | D:4      | Reached skill level 5 in Fighting
  2527 | D:4      | Reached skill level 5 in Long Blades
  2527 | D:4      | Reached skill level 5 in Dodging
  2527 | D:4      | Reached XP level 6. HP: 10/51 MP: 14/14
  2544 | D:4      | HP: 2/51 [ogre/+0 giant club (10)]
  2549 | D:4      | Annihilated by an ogre

Illustrated notes

Levels and vault maps discovered:
D:1:      wheals_arrival_shading, layout_basic,
          shapermc_ecumenical_altar_totnotflames
D:2:      layout_basic, nrook_mini_vaults
D:3:      layout_loops_ring, kennysheep_big_empty_room
D:4:      layout_rooms, lemuel_round_altar, uniq_sigmund, uniq_natasha,
          uniq_robin
D:5:      layout_cave_pools, minmay_temple_entry_crystal_x, minmay_statues_item,
          minmay_manual_monstrance, uniq_ijyb, uniq_grinder
D:6:      layout_cave_pods, nicolae_uskayaw_dance_hall,
          mainiacjoe_overflow_surrounded_room

Skill      XL: |  1  2  3  4  5 |
---------------+----------------+-----
Spellcasting   | 5 |  5.3
Invocations    | 1 2 |  2.1
Short Blades   | 1 2 |  2.0
Axes           | 1 2 |  2.0
Maces & Flails | 1 2 |  2.0
Polearms       | 1 2 |  2.0
Staves         | 1 2 |  2.0
Ranged Weapons | 1 2 |  2.0
Stealth        | 1 2 |  2.0
Shields        | 1 2 |  2.0
Unarmed Combat | 1 2 |  2.0
Evocations     | 1 2 |  2.0
Conjurations   | 1 |  1.5
Hexes          | 1 |  1.5
Summonings     | 1 |  1.5
Necromancy     | 1 |  1.5
Transmutations | 1 |  1.5
Fire Magic     | 1 |  1.5
Ice Magic      | 1 |  1.5
Air Magic      | 1 |  1.5
Earth Magic    | 1 |  1.5
Poison Magic   | 1 |  1.5
Throwing       | 3 |  3.2
Armour         | 3 |  3.2
Fighting       | 5 |  5.0
Long Blades    | 5 |  5.0
Dodging        | 5 |  5.0
Translocations | |  5.6

Action                     |  1- 3 |  4- 6 || total
---------------------------+-------+-------++-------
  Melee: Falchion          |   105 |    61 ||   166
         Bite              |     8 |    14 ||    22
         Whip              |       |    72 ||    72
 Armour: Leather armour    |     5 |       ||     5
         Ring mail         |    17 |    70 ||    87
  Dodge: Dodged            |    53 |    91 ||   144

Table legend: (Time is in decaauts)
 A = Elapsed time spent in this place.
 B = Non-inter-level travel time spent in this place.
 C = Inter-level travel time spent in this place.
 D = Time resting spent in this place.
 E = Time spent auto-exploring this place.
 F = Levels seen in this place.
 G = Mean time per level.
                   A        B        C        D        E       F      G
               +--------+--------+--------+--------+--------+-----+--------+
         Total |   2562 |   2503 |     59 |    308 |   1527 |   6 |  427.0 |
       Dungeon |   2562 |   2503 |     59 |    308 |   1527 |   6 |  427.0 |
               +--------+--------+--------+--------+--------+-----+--------+

Top non-repeatable levels by time:
     D:2: 1202 daAuts
     D:1: 842 daAuts
     D:3: 379 daAuts
     D:6: 76 daAuts
     D:4: 47 daAuts
     D:5: 14 daAuts
